 Dungeon Crawl Stone Soup version 0.23.0-2-g0fe3ce5905 (webtiles) character file.

Game seed: 17910746861765717456

9578 Jannitor the Blocker (level 11, 0/90 HPs)
             Began as a Formicid Fighter on Feb 20, 2019.
             Was an Elder of the Shining One.
             Slain by a minotaur
             ... wielding the +5 morningstar of Ovif {venom, *Contam Str+7 Stlth+}
              (3 damage)
             ... in a Gauntlet.
             The game lasted 00:19:11 (8410 turns).

Jannitor the Blocker (Formicid Fighter)             Turns: 8410, Time: 00:19:14

Health: 0/90       AC: 19    Str: 21 (24) XL:     11   Next: 77%
Magic:  14/14      EV:  8    Int: 11 (13) God:    the Shining One [****..]
Gold:   380        SH: 12    Dex: 11 (12) Spells: 10/10 levels left

rFire    + . .     SeeInvis +   E - +4 flail (protect)
rCold    . . .     Gourm    .   c - +0 shield
rNeg     + + .     Faith    .   d - +1 chain mail {rPois}
rPois    +         Spirit   .   (helmet unavailable)
rElec    .         Reflect  .   e - +0 cloak
rCorr    .         Harm     +   q - +1 pair of gloves
MR       +....                  x - +2 pair of boots of Lethargy {*Corrode Regen+ Int+5 Dex+2}
Stlth    ..........             a - amulet of harm
HPRegen  0.65/turn              G - ring of wizardry
MPRegen  0.14/turn              (no ring)

@: glowing
A: permanent stasis, dig shafts and tunnels, four strong arms, antennae 3, fire
resistance 1, MP-powered wands
a: Dig, Shaft Self, Divine Shield, Cleansing Flame, Renounce Religion


You were in a Gauntlet.
You worshipped the Shining One.
The Shining One was greatly pleased with you.
You were near starving.

You visited 2 branches of the dungeon, and saw 11 of its levels.
You also visited: Gauntlet.

You collected 686 gold pieces.
You spent 306 gold pieces at shops.

Inventory:

Hand Weapons
 l - a +1 vampiric broad axe
 E - a +4 flail of protection (weapon)
Missiles
 p - 7 javelins (quivered)
Armour
 b - a +0 scale mail
 c - a +0 shield (worn)
 d - a +1 chain mail of poison resistance (worn)
 e - a +0 cloak (worn)
 g - a +0 pair of boots
 q - a +1 pair of gloves (worn)
 t - a +0 chain mail
 x - the +2 pair of boots of Lethargy (worn) {*Corrode Regen+ Int+5 Dex+2}
   (You bought it in a shop on level 4 of the Dungeon)

   It affects your intelligence (+5).
   It affects your dexterity (+2).
   It increases your rate of regeneration.
   It may corrode you when you take damage.
 F - a +0 plate armour
Jewellery
 a - an amulet of harm (around neck)
 G - a ring of wizardry (left hand)
Scrolls
 i - 3 scrolls of fog
 o - 2 scrolls of fear
 v - a scroll of enchant armour {unknown}
 w - a scroll of amnesia
 y - 4 scrolls of remove curse
 z - a scroll of enchant weapon {unknown}
 B - 2 scrolls of immolation {unknown}
Potions
 h - 4 potions of flight
 n - 2 potions of resistance
 r - 2 potions of mutation
 u - 3 potions of curing
 A - a potion of brilliance
 C - 2 potions of heal wounds
 D - 2 potions of berserk rage
Comestibles
 f - 17 rations


   Skills:
 + Level 10.1 Fighting
 + Level 8.9 Maces & Flails
 + Level 10.0 Armour
 + Level 10.8 Shields
 + Level 4.6 Invocations


You had 10 spell levels left.
You didn't know any spells.
Your spell library contained the following spells:

 Spells                   Type           Power        Failure   Level  Hunger
 Confusing Touch          Hex            #.....       65%         1    ##.....
 Confuse                  Hex            #.......     93%         3    ####...
 Gell's Gravitas          Tloc           #.........   93%         3    ####...
 Petrify                  Tmut/Erth      #.......     100%        4    #####..
 Metabolic Englaciation   Hex/Ice        #.........   100%        5    ######.
 Yara's Violent Unravell  Hex/Tmut       #.........   100%        5    ######.
 Poison Arrow             Conj/Pois      #.........   100%        6    #######
 Chain Lightning          Conj/Air       #.........   100%        8    #######
 Lehudib's Crystal Spear  Conj/Erth      #.........   100%        8    #######
 Fire Storm               Conj/Fire      #.........   100%        9    #######
 Glaciate                 Conj/Ice       #.........   100%        9    #######


Dungeon Overview and Level Annotations

Branches:
Dungeon (11/15)            Temple (1/1) D:7            Lair (0/6) D:8
    Orc (0/2) D:9

Altars:
Ashenzari
Cheibriados
Dithmenos
Elyvilon
Fedhas
Gozag
Hepliaklqana
Kikubaaqudgha
Makhleb
Nemelex Xobeh
Okawaru
Qazlal
Ru
Sif Muna
Uskayaw
Wu Jian
Xom
Yredelemnul
Zin
The Shining One

Shops:
D:4 *[([%   D:6 !::[

Annotations:
D:5 2 runed translucent doors, Froggeryz's ghost, novice OpTm Gauntlet 6 transporters, 2 runed translucent doors


Innate Abilities, Weirdness & Mutations

You cannot be hasted, slowed, berserked, paralysed or teleported.
You can dig through walls and to a lower floor.
Your four strong arms can wield two-handed weapons with a shield.
You have a pair of large antennae on your head. (SInv)
Your flesh is heat resistant. (rF+)
You expend magic power (3 MP) to strengthen your wands.


Message History

The minotaur throws a poisoned javelin.
The poisoned javelin hits you!!
The minotaur hits you with the +5 morningstar of Ovif {venom, *Contam Str+7 Stlth+}!!
* * * LOW HITPOINT WARNING * * *
The minotaur closely misses you.
You see here 3 poisoned javelins.
You feel much better.
The minotaur hits you with the +5 morningstar of Ovif {venom, *Contam Str+7 Stlth+}!!
* * * LOW HITPOINT WARNING * * *
The minotaur gores you!
* * * LOW HITPOINT WARNING * * *
Your corrosive artefact corrodes you!
You feel much better. You block the minotaur's attack.
The minotaur gores you but does no damage.
Your magical effects are unravelling.
You feel magically purged.
You feel a little less clever now.
You are no longer corroded.
The minotaur hits you with the +5 morningstar of Ovif {venom, *Contam Str+7 Stlth+}!!
* * * LOW HITPOINT WARNING * * *
The minotaur gores you.
You die...

##.##### #...##≈.#..##
######.⌠.#≈≈.#.#..
#...##...##≈.#}#..
#.#.##.⌠.###.#§?#© #
#.#......##..#..#. ##'
#.#.##.⌠.#...###.. #.⌠.
#(..##...#.∩.#...#
#...∩##@#.##.©.#...#####
+⌠....H.#......#.⌠.....#
#..⌠.##.#.##.©.#...#####
###+ #...##...#.∩.#.52.
#.#.##.⌠.#...#=###
#.#......##..#.#≈.
#.#.##.⌠.###.#©#≈©
#...##...##≈.#}#≈.
#####.⌠.#≈≈.#}###


You could see a minotaur.

Vanquished Creatures
  A smoke demon (Gauntlet)
  A centaur skeleton (D:11)
  An ice devil (Gauntlet)
  A hippogriff (D:9)
  14 flying skulls (Gauntlet)
  Eustachio (D:5)
  6 yaks
  3 hogs (D:7)
  A human (D:7)
  Duvessa (D:5)
  Edmund (D:5)
  A water moccasin (D:9)
  An ice beast (D:8)
  4 orc warriors
  A sky beast (D:6)
  A black bear (D:7)
  2 ogres
  3 phantoms
  A necrophage (D:8)
  2 centaurs
  6 bullfrogs
  2 big kobolds (D:7)
  Dowan (D:5)
  2 scorpions (D:6)
  3 killer bees
  3 wights (D:11)
  2 howler monkeys (D:7)
  11 crimson imps
  A centaur zombie (D:8)
  10 orc priests
  3 bullfrog skeletons
  8 hounds
  4 jellies
  10 orc wizards
  An iguana (D:4)
  7 worker ants
  A hound skeleton (D:4)
  A mummy (D:8)
  A howler monkey zombie (D:5)
  8 gnolls
  15 adders
  3 shadow imps
  3 white imps (Gauntlet)
  4 oozes
  An adder zombie (D:8)
  A worm (D:3)
  2 dart slugs
  8 leopard geckos
  86 orcs
  6 giant cockroaches
  4 goblins
  8 hobgoblins
  10 jackals
  10 quokkas
  2 ball pythons
  11 bats
  6 frilled lizards
  15 kobolds
  3 leopard gecko skeletons
  4 rats
334 creatures vanquished.

Notes
Turn   | Place    | Note
-------+----------+-------------------------------------------
     0 | D:1      | Jannitor the Formicid Fighter began the quest for the Orb.
     0 | D:1      | Reached XP level 1. HP: 18/18 MP: 1/1
   105 | D:1      | Reached XP level 2. HP: 24/24 MP: 2/2
   283 | D:1      | Reached XP level 3. HP: 28/29 MP: 3/3
  1074 | D:2      | Reached XP level 4. HP: 37/37 MP: 4/4
  2132 | D:3      | Reached XP level 5. HP: 41/42 MP: 5/5
  2584 | D:4      | Found Vofyek's Food Boutique.
  2818 | D:4      | Reached XP level 6. HP: 48/49 MP: 6/6
  2878 | D:4      | Found Ycir's Antique Armour Shoppe.
  2895 | D:4      | Reached skill level 5 in Shields
  2953 | D:4      | Found Ithawn's General Store.
  2957 | D:4      | Bought a pair of fine boots for 218 gold pieces
  2959 | D:4      | Identified the +2 pair of boots of Lethargy {*Corrode
                  | Regen+ Int+5 Dex+2} (You bought it in a shop on level 4 of
                  | the Dungeon)
  3015 | D:4      | Found Byuriez's Weapon Shoppe.
  3115 | D:4      | Found a stormy altar of Qazlal.
  3197 | D:4      | Found Leutwa's Antique Armour Boutique.
  3248 | D:4      | Reached XP level 7. HP: 52/55 MP: 7/7
  3270 | D:4      | Reached skill level 5 in Fighting
  3720 | D:5      | Entered Level 5 of the Dungeon
  3723 | D:5      | Noticed Duvessa
  3764 | D:5      | Noticed Dowan
  3771 | D:5      | Killed Duvessa
  3771 | D:5      | Reached skill level 5 in Armour
  3775 | D:5      | Killed Dowan
  3875 | D:5      | Found a large runed translucent door.
  3875 | D:5      | Found a large runed translucent door.
  3878 | D:5      | Noticed Froggeryz's ghost (novice OpTm)
  3895 | D:5      | Noticed Eustachio
  4044 | D:5      | Reached XP level 8. HP: 60/63 MP: 8/8
  4430 | D:5      | Noticed Edmund
  4455 | D:5      | Killed Edmund
  4710 | D:5      | Killed Eustachio
  4710 | D:5      | Reached skill level 5 in Maces & Flails
  4874 | D:6      | Found Diakir's Distillery.
  4881 | D:6      | Bought a potion of curing for 33 gold pieces
  4881 | D:6      | Bought a potion of heal wounds for 55 gold pieces
  4998 | D:6      | Reached XP level 9. HP: 55/71 MP: 9/9
  5118 | D:6      | Found a shadowy altar of Dithmenos.
  5126 | D:6      | Found a burning altar of Makhleb.
  5126 | D:6      | Found a sparkling altar of Nemelex Xobeh.
  5177 | D:6      | Found Hiupnoocw's Book Emporium.
  5217 | D:6      | Found Peenih's Armour Shop.
  5294 | D:6      | Found a shimmering altar of Xom.
  5355 | D:6      | Found Hoot's Book Boutique.
  5680 | D:7      | Found a white marble altar of Elyvilon.
  5794 | D:7      | Found a staircase to the Ecumenical Temple.
  5812 | Temple   | Entered the Ecumenical Temple
  5939 | Temple   | Became a worshipper of the Shining One
  6028 | D:7      | Reached XP level 10. HP: 80/80 MP: 10/10
  6514 | D:8      | Reached * piety under the Shining One
  6605 | D:8      | Found a staircase to the Lair.
  6630 | D:8      | Found a hide-covered altar of Uskayaw.
  7162 | D:8      | Found an ancient bone altar of Kikubaaqudgha.
  7166 | D:8      | Found a blossoming altar of Fedhas.
  7171 | D:8      | Found an opulent altar of Gozag.
  7472 | D:9      | Reached ** piety under the Shining One
  7550 | D:9      | Found a staircase to the Orcish Mines.
  7755 | D:9      | Reached skill level 1 in Invocations
  7761 | D:9      | Reached skill level 10 in Shields
  7761 | D:9      | Reached XP level 11. HP: 89/89 MP: 10/12
  7851 | D:9      | You fall through a shaft for 2 floors!
  7904 | D:11     | Found a gate leading to a gauntlet.
  7991 | Gauntlet | Entered a Gauntlet
  7991 | Gauntlet | Found a transporter.
  7991 | Gauntlet | Found a transporter.
  7991 | Gauntlet | Noticed a moth of wrath
  7991 | Gauntlet | Reached *** piety under the Shining One
  8009 | Gauntlet | Found a transporter.
  8013 | Gauntlet | Found a transporter.
  8020 | Gauntlet | Found a runed translucent door.
  8023 | Gauntlet | Found a transporter.
  8025 | Gauntlet | Found a transporter.
  8033 | Gauntlet | Found a transporter.
  8047 | Gauntlet | Found a runed translucent door.
  8049 | Gauntlet | Found a transporter.
  8051 | Gauntlet | Found a runed translucent door.
  8052 | Gauntlet | Noticed a reaper
  8063 | Gauntlet | Found a transporter.
  8067 | Gauntlet | Found a transporter.
  8067 | Gauntlet | Noticed a queen ant
  8067 | Gauntlet | Reached **** piety under the Shining One
  8075 | Gauntlet | Found a transporter.
  8079 | Gauntlet | Found a transporter.
  8172 | Gauntlet | Gained mutation: Your flesh is heat resistant. (rF+)
                  | [potion of mutation]
  8172 | Gauntlet | Gained mutation: You expend magic power (3 MP) to
                  | strengthen your wands. [potion of mutation]
  8340 | Gauntlet | Reached skill level 10 in Fighting
  8373 | Gauntlet | Reached skill level 10 in Armour
  8393 | Gauntlet | Identified the +5 morningstar of Ovif {venom, *Contam Str+7
                  | Stlth+}
  8393 | Gauntlet | Noticed a minotaur
  8410 | Gauntlet | HP: 3/90 [minotaur/the +5 morningstar of Ovif {venom,
                  | *Contam Str+7 Stlth+} (30)]
  8410 | Gauntlet | Slain by a minotaur

Skill      XL: |  1  2  3  4  5  6  7  8  9 10 11 |
---------------+----------------------------------+-----
Shields        | 4 5 6 7 8 10 | 10.8
Fighting       | 4 5 6 7 9 10 | 10.1
Armour         | 4 5 6 7 9 10 | 10.0
Maces & Flails | 3 4 5 6 8 |  8.9
Invocations    | 1 4 |  4.6

Action                   |  1- 3 |  4- 6 |  7- 9 | 10-12 || total
-------------------------+-------+-------+-------+-------++-------
Melee: Flail             |   108 |   261 |   516 |   410 ||  1295
Invok: Divine Shield     |       |       |       |     1 ||     1
       Cleansing Flame   |       |       |       |     1 ||     1
 Abil: Dig               |       |     4 |     1 |     1 ||     6
  Use: Potion            |       |     1 |     1 |    13 ||    15
       Scroll            |       |     5 |       |    11 ||    16
  Eat: Chunk             |     1 |     7 |    11 |     7 ||    26
Armor: Scale mail        |    48 |    38 |       |       ||    86
       Chain mail        |       |    93 |   247 |   235 ||   575
Dodge: Dodged            |    42 |    77 |   129 |   128 ||   376
Block: Shield            |    78 |   157 |   256 |   286 ||   777
